 Dungeon Crawl Stone Soup version 0.24-a0-416-g56ce5178b7 (webtiles) character file.

Game seed: 8285421426007918460

16326 Amnesiac the Impaler (level 12, -4/70 HPs)
             Began as a Merfolk Skald on June 8, 2019.
             Was a High Priest of Okawaru.
             Killed by divine providence
             ... invoked by an orc priest
              (11 damage)
             ... on level 2 of the Orcish Mines.
             The game lasted 00:41:42 (17245 turns).

Amnesiac the Impaler (Merfolk Skald)               Turns: 17245, Time: 00:41:43

Health: -4/70      AC: 13    Str: 18    XL:     12   Next: 36%
Magic:  17/18      EV: 36    Int: 13    God:    Okawaru [*****.]
Gold:   368        SH:  0    Dex: 14    Spells: 2/19 levels left

rFire    . . .     SeeInvis .   q - +0 halberd (freeze)
rCold    . . .     Gourm    .   (shield currently unavailable)
rNeg     + . .     Faith    .   J - +1 troll leather armour
rPois    +         Spirit   .   c - +1 helmet
rElec    .         Reflect  .   E - +2 cloak
rCorr    .         Harm     .   (no gloves)
MR       .....                  Q - +2 pair of boots
Stlth    +.........             v - amulet of the acrobat
HPRegen  0.61/turn              L - ring "Meggauj" {Wiz rPois rN+ Str+3}
MPRegen  0.16/turn              y - +2 ring of evasion

@: acrobat
A: change form in water, swift swim, stealthy swim, frail 1
a: Heroism, Finesse, Renounce Religion


You were on level 2 of the Orcish Mines.
You worshipped Okawaru.
Okawaru was extremely pleased with you.
You were not hungry.

You visited 3 branches of the dungeon, and saw 15 of its levels.

You collected 1043 gold pieces.
You spent 675 gold pieces at shops.

Inventory:

Hand Weapons
 b - the +6 hunting sling "Icayn" {venom, Int+2}
   (You found it on level 10 of the Dungeon)

   It poisons the ammo it fires.
   It affects your intelligence (+2).
 q - a +0 halberd of freezing (weapon)
Missiles
 i - 73 poisoned darts (quivered)
 l - 99 sling bullets
 p - 3 throwing nets
 G - 235 arrows
 M - 314 stones
Armour
 a - a +2 chain mail of fire resistance
 c - a +1 helmet (worn)
 g - a +1 robe of resistance
 o - a +0 plate armour of fire resistance
 w - a +2 ring mail of cold resistance
 E - a +2 cloak (worn)
 J - a +1 troll leather armour (worn)
 Q - a +2 pair of boots (worn)
Jewellery
 r - an uncursed ring of flight
 v - an amulet of the acrobat (around neck)
 y - a +2 ring of evasion (right hand)
 L - the ring "Meggauj" (left hand) {Wiz rPois rN+ Str+3}
   (You found it on level 10 of the Dungeon)

   [ring of wizardry]

   It improves your spell success rate.
   It affects your strength (+3).
   It protects you from poison.
   It protects you from negative energy.
Wands
 f - a wand of digging (1)
 x - a wand of iceblast (13)
 F - a wand of acid (6)
 O - a wand of enslavement (9)
Scrolls
 h - 3 scrolls of remove curse {!r}
 m - 4 scrolls of enchant armour {!r}
 B - 2 scrolls of fog {!r}
 H - a scroll of enchant weapon {!r}
 K - 4 scrolls of amnesia {!r}
 N - a scroll of brand weapon {!r}
Potions
 e - a potion of agility {!q}
 j - 5 potions of brilliance {!q}
 n - 4 potions of magic {!q}
 s - 4 potions of heal wounds {!q}
 t - 5 potions of might {!q}
 u - 2 potions of ambrosia {!q}
 z - 2 potions of invisibility {!q}
 A - a potion of lignification {!q}
 D - a potion of resistance {!q}
 I - a potion of mutation {!q}
Comestibles
 d - 10 rations
 C - 12 chunks of flesh


   Skills:
 - Level 2.1 Fighting
 - Level 16.0 Polearms
 - Level 0.6 Armour
 - Level 12.0 Dodging
 - Level 4.0 Spellcasting
 + Level 6.8 Hexes
 - Level 8.0 Charms
 - Level 8.0 Invocations
 + Level 3.5 Evocations


You had 2 spell levels left.
You knew the following spells:

 Your Spells              Type           Power        Failure   Level  Hunger
a - Sticks to Snakes      Tmut           #.......     16%         2    ##.....
b - Spectral Weapon       Hex/Chrm       ###.....     1%          3    ###....
e - Confuse               Hex            ###.....     1%          3    ###....
r - Regeneration          Chrm/Necr      ##........   6%          3    ###....
s - Conjure Flame         Conj/Fire      #.......     28%         3    ###....
w - Tukima's Dance        Hex            ###.....     1%          3    ###....

Your spell library contained the following spells:

 Spells                   Type           Power        Failure   Level  Hunger
 Corona                   Hex            ###....      1%          1    None
 Infusion                 Chrm           ###.         1%          1    None
 Song of Slaying          Chrm           ###.....     1%          2    ##.....
 Shroud of Golubria       Chrm/Tloc      ##....       2%          2    ##.....
 Ensorcelled Hibernation  Hex/Ice        ##....       3%          2    ##.....
 Beastly Appendage        Tmut           #.....       10%         1    None
 Flame Tongue             Conj/Fire      #....        10%         1    None
 Throw Flame              Conj/Fire      #.....       16%         2    ##.....
 Dazzling Spray           Conj/Hex       ##....       8%          3    ###....
 Inner Flame              Hex/Fire       ##......     8%          3    ###....
 Spider Form              Tmut/Pois      #.........   28%         3    ###....
 Ice Form                 Ice/Tmut       #.......     65%         4    ####...
 Sticky Flame             Conj/Fire      #.......     65%         4    ####...
 Blade Hands              Tmut           #.........   92%         5    ######.
 Fireball                 Conj/Fire      #.........   92%         5    ######.


Dungeon Overview and Level Annotations

Branches:
Dungeon (12/15)            Temple (1/1) D:5            Lair (0/6) D:11
    Orc (2/2) D:9
    Elf: Orc:2

Altars:
Ashenzari
Cheibriados
Dithmenos
Elyvilon
Fedhas
Gozag
Hepliaklqana
Kikubaaqudgha
Makhleb
Nemelex Xobeh
Okawaru
Qazlal
Ru
Sif Muna
Trog
Uskayaw
Vehumet
Wu Jian
Xom
Yredelemnul
Zin
The Shining One

Shops:
D:11 *   Orc:1 (   Orc:2 }?!!


Innate Abilities, Weirdness & Mutations

You revert to your normal form in water You are very nimble and swift while swimming.
You are very stealthy in the water. (Stealth+)
You are frail. (-10% HP)


Message History

Done exploring.
You swap places.
There is a stone staircase leading down, spattered with blood here.
You climb downwards.
Your summoned ally is left behind.
Your spectral weapon fades away.
There is a stone staircase leading up, spattered with blood here.
Items here: )) [ †† a +4 morningstar; a +0 ring mail; a +0 club; an orc corpse x2
You butcher the orc corpse.
C - 8 chunks of flesh (gained 3)
You butcher the orc corpse.
C - 10 chunks of flesh (gained 2)
Items here: )) [ ÷÷ a +4 morningstar; a +0 ring mail; a +0 club; an orc skeleton x2
Items here: )) [ ÷÷ a +4 morningstar; a +0 ring mail; a +0 club; an orc skeleton x2
Things that are here:
a +0 chain mail; a +0 hand axe; an orc corpse You butcher the orc corpse.
C - 12 chunks of flesh (gained 2)
Things that are here:
a +0 chain mail; a +0 hand axe; an orc skeleton
Things that are here:
a +0 chain mail; a +0 hand axe; an orc skeleton The orc priest mumbles some strange prayers to Beogh against you.
Beogh smites you!
Things that are here:
a +0 short sword; an orc corpse The orc priest shouts!
You hear a shout! x2
The orc knight shouts!
You hear a shout! x2
The orc priest mumbles some strange prayers to Beogh against you.
Beogh smites you!
The orc knight roars a battlecry!
The orcs go into a battle-frenzy!
The orc priest invokes the aid of Beogh against you.
Beogh smites you!
The orc knight roars a battlecry!
The orc knight goes into a battle-frenzy!
The orc priest mumbles some strange prayers to Beogh against you.
Beogh smites you!
* * * LOW HITPOINT WARNING * * *
The orc priest looks encouraged for a moment.
The orc knight roars a battlecry!
The orc priest goes into a battle-frenzy!
You hear a shout!
The orc knight roars a battlecry!
The orc priest goes into a battle-frenzy!
You hear a shout!
The orc priest looks braver for a moment.
The orc knight roars a battlecry!
The orc priest goes into a battle-frenzy!
The orc priest roars loudly.
Things that are here:
a +0 chain mail; a +0 hand axe; an orc skeleton The orc priest mumbles some strange prayers to Beogh against you.
Beogh smites you!
* * * LOW HITPOINT WARNING * * *
The orc priest complains loudly.
The orc priest invokes the aid of Beogh against you.
Pain shoots through your body!
* * * LOW HITPOINT WARNING * * *
The orc priest calls down the wrath of Beogh upon you.
Beogh smites you!
You die...

#..........##
###...........#
##.......o......
##...............
#..........o.....
#####.......##...<..
#.#.....o.####..oo..
#.........# ###.o..
#.#@.).o.#######....
###)[..o....#.#o....
#.[..o..oo#...$...
##...o..o.........
###........)....#
#......[......#
##.[.....).....
##.........#..
##.###...##..


You could see 2 orc knights, 4 orc priests and an orc.

Vanquished Creatures
  Harold (D:11)
  A two-headed ogre (D:12)
  A hydra (D:12)
  A centaur warrior (D:10)
  An unseen horror (D:11)
  An orc knight (Orc:1)
  The ghost of PeterLawrence the Basher, a novice MiFi of Okawaru (D:8)
  A cyclops (D:10)
  A centaur skeleton (D:11)
  An ice statue (D:8)
  A troll (Orc:1)
  A hornet (D:10)
  2 hippogriffs
  Sigmund (D:6)
  2 wyverns (D:8)
  5 yaks (D:11)
  Eustachio (D:5)
  A hungry ghost (D:12)
  Edmund (D:4)
  A water moccasin (D:8)
  22 orc warriors
  5 sky beasts
  2 phantoms
  3 black bears
  A hornet zombie (D:11)
  4 ice beasts
  An eye of draining (D:5)
  11 ogres
  4 centaurs
  2 big kobolds
  7 bullfrogs
  3 scorpions
  18 killer bees
  A howler monkey (D:11)
  A spectral bullfrog (D:6)
  2 spectral centaurs (D:6)
  2 crimson imps
  Crazy Yiuf (D:4)
  A bullfrog zombie (D:11)
  2 centaur zombies
  3 bullfrog skeletons
  7 hounds
  21 orc wizards
  22 orc priests
  6 jellies
  2 iguanas
  6 worker ants
  A hound zombie (D:10)
  Robin (D:1)
  A hound skeleton (D:8)
  9 adders
  10 gnolls
  4 shadow imps
  2 adder skeletons
  3 worms
  3 dart slugs
  6 leopard geckos
  69 orcs
  6 giant cockroaches
  10 goblins
  3 hobgoblins
  7 quokkas
  8 bats
  5 frilled lizards
  A jackal skeleton (D:5)
  A jackal zombie (D:6)
  12 kobolds
  A quokka skeleton (D:4)
  A quokka zombie (D:5)
  3 rats
353 creatures vanquished.

Vanquished Creatures (others)
  16 spectral weapons
16 creatures vanquished.

Grand Total: 369 creatures vanquished

Notes
Turn   | Place    | Note
-------+----------+-------------------------------------------
     0 | D:1      | Amnesiac the Merfolk Skald began the quest for the Orb.
     0 | D:1      | Reached XP level 1. HP: 16/16 MP: 3/3
   186 | D:1      | Reached XP level 2. HP: 7/22 MP: 5/5
   389 | D:2      | Noticed Robin
   493 | D:1      | Killed Robin
   493 | D:1      | Reached XP level 3. HP: 11/27 MP: 6/6
   667 | D:1      | Learned a level 3 spell: Spectral Weapon
  1166 | D:4      | Reached skill level 1 in Hexes
  1166 | D:4      | Reached XP level 4. HP: 16/33 MP: 4/7
  1324 | D:4      | Learned a level 3 spell: Regeneration
  1462 | D:4      | Found a runed translucent door.
  1493 | D:4      | Noticed Crazy Yiuf
  1923 | D:4      | Noticed Edmund
  1953 | D:4      | Killed Edmund
  1953 | D:4      | Reached skill level 5 in Charms
  1953 | D:4      | Reached XP level 5. HP: 33/38 MP: 5/8
  2019 | D:5      | Entered Level 5 of the Dungeon
  2028 | D:5      | Reached XP level 6. HP: 44/44 MP: 5/9
  2060 | D:5      | Noticed an eye of draining
  2075 | D:5      | Killed an eye of draining
  2075 | D:5      | Reached skill level 4 in Polearms
  2176 | D:5      | Noticed an ice beast
  2187 | D:5      | Killed an ice beast
  2187 | D:5      | Reached XP level 7. HP: 32/50 MP: 7/10
  2489 | D:5      | Noticed Eustachio
  2515 | D:5      | Reached skill level 5 in Polearms
  2537 | D:5      | Killed Eustachio
  2537 | D:5      | Reached skill level 6 in Polearms
  2646 | D:5      | Reached skill level 7 in Polearms
  2662 | D:5      | Found a staircase to the Ecumenical Temple.
  2668 | Temple   | Entered the Ecumenical Temple
  2933 | D:5      | Reached XP level 8. HP: 40/56 MP: 12/12
  3052 | D:5      | Found a blossoming altar of Fedhas.
  3120 | D:5      | Reached skill level 8 in Polearms
  3209 | D:5      | Found a snail-covered altar of Cheibriados.
  3225 | D:5      | Reached skill level 9 in Polearms
  4175 | D:4      | Killed Crazy Yiuf
  4627 | D:2      | Found a sparkling altar of Nemelex Xobeh.
  4642 | D:2      | Found a white marble altar of Elyvilon.
  4644 | D:2      | Found a shimmering altar of Xom.
  4644 | D:2      | Found an iron altar of Okawaru.
  4646 | D:2      | Found a bloodstained altar of Trog.
  4646 | D:2      | Found a radiant altar of Vehumet.
  4647 | D:2      | Found a burning altar of Makhleb.
  4650 | D:2      | Found a shattered altar of Ashenzari.
  4653 | D:2      | Became a worshipper of Warmaster Okawaru
  5269 | D:3      | Reached skill level 10 in Polearms
  5680 | D:6      | Found a runed translucent gate.
  5680 | D:6      | Found a runed translucent gate.
  5693 | D:6      | Found a runed translucent gate.
  5694 | D:6      | Noticed PeterLawrence's ghost (novice MiFi)
  5978 | D:6      | Noticed Sigmund
  6002 | D:6      | Killed Sigmund
  6002 | D:6      | Reached skill level 11 in Polearms
  6002 | D:6      | Reached XP level 9. HP: 23/61 MP: 11/13
  6076 | D:6      | Reached * piety under Okawaru
  6305 | D:6      | Reached skill level 12 in Polearms
  7602 | D:8      | Learned a level 3 spell: Tukima's Dance
  7622 | D:8      | Reached ** piety under Okawaru
  7627 | D:8      | Learned a level 3 spell: Confuse
  7661 | D:8      | Reached skill level 13 in Polearms
  7724 | D:8      | Noticed an ice statue
  7965 | D:7      | Reached skill level 5 in Dodging
  8237 | D:8      | Reached XP level 10. HP: 67/67 MP: 13/15
  8504 | D:8      | Reached skill level 14 in Polearms
  8504 | D:8      | Reached skill level 5 in Hexes
  8659 | D:8      | Reached *** piety under Okawaru
  8900 | D:9      | Reached skill level 1 in Invocations
  9173 | D:9      | Found a staircase to the Orcish Mines.
  9259 | D:9      | Found an opulent altar of Gozag.
  9615 | Orc:1    | Entered Level 1 of the Orcish Mines
  9648 | D:10     | Entered Level 10 of the Dungeon
  9663 | D:10     | Noticed a centaur warrior
  9664 | D:10     | Got a slimy large shield
  9680 | D:10     | Killed a centaur warrior
  9706 | D:10     | Identified the +1 large shield "Emegef" {+Blink} (You found
                  | it on level 10 of the Dungeon)
  9771 | D:10     | Noticed a cyclops
  9800 | D:10     | Killed a cyclops
  9800 | D:10     | Reached **** piety under Okawaru
 10082 | D:10     | Reached skill level 5 in Invocations
 10085 | D:10     | Got a dazzling hunting sling
 10086 | D:10     | Identified the +6 hunting sling "Icayn" {venom, Int+2} (You
                  | found it on level 10 of the Dungeon)
 10098 | D:10     | Learned a level 2 spell: Sticks to Snakes
 10198 | D:10     | Reached XP level 11. HP: 62/72 MP: 17/17
 10487 | D:10     | Got a shimmering lapis lazuli ring
 10982 | D:8      | Identified the ring "Meggauj" {Wiz rPois rN+ Str+3} (You
                  | found it on level 10 of the Dungeon)
 12293 | D:2      | Found a sparkling altar of Nemelex Xobeh.
 12299 | D:2      | Found a white marble altar of Elyvilon.
 12301 | D:2      | Found a shimmering altar of Xom.
 12301 | D:2      | Found an iron altar of Okawaru.
 12302 | D:2      | Found a bloodstained altar of Trog.
 12302 | D:2      | Found a radiant altar of Vehumet.
 12303 | D:2      | Found a burning altar of Makhleb.
 12306 | D:2      | Found a shattered altar of Ashenzari.
 12690 | D:8      | Killed PeterLawrence's ghost
 13146 | D:8      | Learned a level 3 spell: Conjure Flame
 13370 | D:11     | Reached skill level 10 in Dodging
 13389 | D:11     | Reached ***** piety under Okawaru
 13538 | D:11     | Found a staircase to the Lair.
 13585 | D:11     | Killed an unseen horror
 13585 | D:11     | Received a gift from Okawaru
 13586 | D:11     | Got a twisted rapier {god gift}
 13912 | D:11     | Identified the +9 rapier "Maakav" {pierce, Str+4} (Okawaru
                  | gifted it to you on level 11 of the Dungeon)
 13928 | D:11     | Identified a scroll of acquirement {!r}
 14004 | D:11     | Found Toarabic's General Store.
 14162 | D:11     | Noticed Harold
 14188 | D:11     | Killed Harold
 14550 | D:12     | Noticed a seven-headed hydra
 14604 | D:12     | Noticed a two-headed ogre
 14610 | D:12     | Killed a two-headed ogre
 14610 | D:12     | Reached skill level 1 in Evocations
 14648 | D:12     | Killed a 12-headed hydra
 14648 | D:12     | Reached skill level 15 in Polearms
 14648 | D:12     | Reached XP level 12. HP: 72/78 MP: 18/18
 15660 | Orc:1    | Found Nuf Ligish's Antique Weapon Shoppe.
 16040 | Orc:2    | Entered Level 2 of the Orcish Mines
 16074 | Orc:2    | HP: 3/78 [orc warrior/+0 scimitar (19)]
 16080 | Orc:2    | HP: 3/78 [orc warrior/+0 scimitar (4)]
 16274 | Orc:2    | Found Lieq's Distillery.
 16274 | Orc:2    | Found Kismi's Gadget Shoppe.
 16274 | Orc:2    | Found Tyskiu Vipne's Distillery.
 16274 | Orc:2    | Found Goenosh's Magic Scroll Shoppe.
 16289 | Orc:2    | Bought a potion of heal wounds for 65 gold pieces
 16290 | Orc:2    | Bought a potion of heal wounds for 75 gold pieces
 16290 | Orc:2    | Bought a potion of mutation for 120 gold pieces
 16290 | Orc:2    | Bought a potion of heal wounds for 75 gold pieces
 16292 | Orc:2    | Bought a scroll of brand weapon for 340 gold pieces
 16295 | Orc:2    | Noticed an orc high priest
 16296 | Orc:2    | Noticed an orc high priest
 16299 | Orc:2    | Noticed a sun demon
 16299 | Orc:2    | Noticed an orc high priest
 16305 | Orc:2    | Noticed an orc high priest
 16311 | Orc:2    | Noticed an orc high priest
 16318 | Orc:2    | Gained mutation: You are frail. (-10% HP) [a neqoxec]
 16688 | Orc:2    | HP: 2/70 [orc warrior/+0 glaive (20)]
 17135 | Orc:1    | Reached skill level 16 in Polearms
 17245 | Orc:2    | Killed from afar by an orc priest

Levels and vault maps discovered:
D:1:      sevenhm_arrival_forest_fort_small_6, layout_basic
D:2:      minmay_wonky_spiral, layout_loops_ring, minitemple, first_ration,
          chequers_serial_rivers_room_a, uniq_robin
D:3:      layout_rooms
D:4:      layout_loops_corners, uniq_edmund, uniq_crazy_yiuf_cottage
D:5:      layout_layer_cave, fedhas_altar_4, nicolae_overflow_crystal_walls,
          minmay_temple_entry_hall, kennysheep_generic_room_15, uniq_eustachio
D:6:      layout_basic, gammafunk_ghost_necromancy, uniq_sigmund
D:7:      layout_loops_cross
D:8:      minmay_statue_hallways, layout_basic
D:9:      layout_irregular_city, nicolae_gozag_seed_capital, orc_0_dummy
D:10:     layout_loops_ring, serial_glass, glass_columns_b, glass_columns_a,
          glass_columns_b, glass_columns_b
D:11:     layout_roguey, lair_entry_dummy, serial_shops, kennysheep_mini_moat,
          uniq_harold
D:12:     layout_gridville, uniq_gastronok
Temple:   minmay_temple_curvy_loop
Orc:1:    layout_diamond_mine, serial_shops, nicolae_shop_crystal, uniq_urug
Orc:2:    st_orc_pillars, layout_diamond_mine, basic_altar

Skill      XL: |  1  2  3  4  5  6  7  8  9 10 11 12 |
---------------+-------------------------------------+-----
Charms         | 4 5 6 7 8 |  8.0
Hexes          | 1 3 4 6 |  6.8
Polearms       | 4 7 11 13 14 15 16 | 16.0
Spellcasting   | 3 4 |  4.0
Dodging        | 5 8 11 12 | 12.0
Invocations    | 5 8 |  8.0
Evocations     | 1 3 |  3.5
Fighting       | |  2.1
Armour         | |  0.6

Action                   |  1- 3 |  4- 6 |  7- 9 | 10-12 || total
-------------------------+-------+-------+-------+-------++-------
Melee: Spear             |    91 |    63 |   641 |   742 ||  1537
       Unarmed           |       |     1 |       |       ||     1
       Halberd           |       |       |       |   363 ||   363
Throw: Dart              |       |       |       |     1 ||     1
 Cast: Spectral Weapon   |     1 |     7 |    18 |    44 ||    70
       Confuse           |       |       |       |     5 ||     5
       Conjure Flame     |       |       |       |     1 ||     1
Evoke: Wand              |       |       |       |     3 ||     3
  Use: Scroll            |     1 |       |    13 |     9 ||    23
       Potion            |       |       |     8 |     4 ||    12
 Stab: Sleeping          |       |       |     2 |     1 ||     3
       Distracted        |       |       |     1 |     3 ||     4
       Confused          |       |       |       |     9 ||     9
  Eat: Chunk             |     1 |     4 |    18 |    22 ||    45
       Ration            |       |       |     1 |     4 ||     5
Armor: Leather armour    |     9 |     1 |    67 |       ||    77
       Troll leather arm |       |       |    11 |   152 ||   163
       Ring mail         |       |       |       |     7 ||     7
       Plate armour      |       |       |       |    47 ||    47
Dodge: Dodged            |    35 |    12 |   193 |   665 ||   905
Block: Buckler           |       |       |    25 |    48 ||    73
       Large shield      |       |       |       |     4 ||     4

Table legend:
 A = Non-vault XP
 B = Vault XP
 C = Vault XP percentage of total XP
 D = Non-vault monster count
 E = Vault monster count
 F = Vault count percentage of total count
                 A         B        C        D         E       F
            +---------+---------+-------+---------+---------+-------
      Total |   18241 |    5083 |  21.8 |     302 |      51 |  14.4
            +---------+---------+-------+---------+---------+-------
        D:1 |      21 |      20 |  48.8 |      11 |       2 |  15.4
        D:2 |     133 |      21 |  13.6 |      23 |      10 |  30.3
        D:3 |      63 |       0 |   0.0 |       8 |       0 |   0.0
        D:4 |     116 |     215 |  65.0 |      17 |       2 |  10.5
        D:5 |    1035 |     197 |  16.0 |      26 |       1 |   3.7
        D:6 |     491 |     374 |  43.2 |      11 |       4 |  26.7
        D:7 |     928 |       0 |   0.0 |      16 |       0 |   0.0
        D:8 |    2004 |    1004 |  33.4 |      28 |       2 |   6.7
        D:9 |    2036 |       0 |   0.0 |      40 |       0 |   0.0
       D:10 |    3022 |       0 |   0.0 |      25 |       0 |   0.0
       D:11 |    3582 |    1002 |  21.9 |      33 |       1 |   2.9
       D:12 |    3016 |       0 |   0.0 |      26 |       0 |   0.0
      Orc:1 |    1499 |    1945 |  56.5 |      31 |      22 |  41.5
      Orc:2 |     295 |     305 |  50.8 |       7 |       7 |  50.0
            +---------+---------+-------+---------+---------+-------
